 Dungeon Crawl Stone Soup version 0.24.0-13-gcf9b319 (webtiles) character file.

Game seed: 16597796967689259579, levelgen mode: deterministic

294 Fang the Skirmisher (level 6, -9/39 HPs)
             Began as a Gargoyle Berserker on Dec 5, 2019.
             Was a Priest of Trog.
             Killed by divine providence
             ... invoked by an orc priest
              (13 damage)
             ... on level 4 of the Dungeon.
             The game lasted 00:02:45 (2837 turns).

Fang the Skirmisher (Gargoyle Berserker)            Turns: 2837, Time: 00:02:46

Health: -9/39      AC: 16    Str: 23    XL:     6   Next: 34%
Magic:  6/6        EV: 12    Int:  7    God:    Trog [***...]
Gold:   148        SH:  0    Dex:  9    Spells: 5/5 levels left

rFire    + . .     SeeInvis .   a - +0 hand axe
rCold    . . .     Gourm    .   (no shield)
rNeg     + . .     Faith    .   b - +0 plate armour
rPois    ∞         Spirit   .   (no helmet)
rElec    +         Reflect  .   (no cloak)
rCorr    .         Harm     .   (no gloves)
MR       .....                  (no boots)
Stlth    ..........             (no amulet)
HPRegen  0.13/turn              k - ring of protection from fire
MPRegen  0.10/turn              u - +5 ring of evasion

@: berserk cooldown, slowed, very slow
A: negative energy resistance 1, electricity resistance, unbreathing,
petrification resistance, rot immunity, AC +4
a: Berserk, Trog's Hand, Renounce Religion


You were on level 4 of the Dungeon.
You worshipped Trog.
Trog was most pleased with you.
You were near starving.

You visited 1 branch of the dungeon, and saw 4 of its levels.

You collected 148 gold pieces.

Inventory:

Hand Weapons
 a - a +0 hand axe (weapon)
Armour
 b - a +0 plate armour (worn)
Jewellery
 k - a ring of protection from fire (left hand)
 u - a +5 ring of evasion (right hand)
Wands
 o - a wand of polymorph (9)
Scrolls
 d - a scroll of enchant weapon {unknown}
 e - 2 scrolls of identify {unknown}
 g - 3 scrolls of immolation {unknown}
 h - a scroll of blinking {unknown}
 j - 2 scrolls of remove curse {unknown}
 m - a scroll of noise {unknown}
 p - a scroll of enchant armour {unknown}
 q - 2 scrolls of teleportation {unknown}
 t - a scroll of amnesia {unknown}
Potions
 i - a potion of cancellation {unknown}
 l - 2 potions of might {unknown}
 n - 2 potions of degeneration {unknown}
 r - a potion of curing {unknown}
 s - a potion of flight {unknown}
 v - a potion of brilliance {unknown}
 w - a potion of berserk rage {unknown}
Comestibles
 c - 4 rations


   Skills:
 + Level 4.7 Fighting
 + Level 3.9 Axes
 + Level 4.0 Armour
 + Level 2.9 Dodging


You had 5 spell levels left.
You didn't know any spells.
Your spell library was empty.

Dungeon Overview and Level Annotations

Branches:
Dungeon (4/15)
 Temple: D:4-7

Altars:
Ru
Uskayaw


Innate Abilities, Weirdness & Mutations

You are resistant to torment.
Your stone body is resilient. (AC +4)
You are immune to poison.
You resist negative energy. (rN+)
You are resistant to electric shocks. (rElec)
You can survive without breathing.
You are immune to petrification.
You are immune to rotting.


Message History

Your Armour skill increases to level 4!
The orc priest closely misses you.
You hit the orc priest.
The orc priest is lightly wounded.
The orc priest closely misses you.
You hit the orc priest.
The orc priest is moderately wounded.
The orc priest misses you.
The orc priest mumbles some strange prayers to Beogh against you.
Beogh smites you!
* * * LOW HITPOINT WARNING * * *
You hit the orc priest.
The orc priest is severely wounded.
The orc priest hits you but does no damage.
You hit the orc priest but do no damage.
The orc priest is severely wounded.
The orc priest barely misses you.
The orc priest mumbles some strange prayers to Beogh against you.
Beogh smites you!
You die...

.........####.#
.#####.## #<#
#.# #.# #.# #.#
#.# #.# #)###
#.# #.).# #.#
###.# #.. #@#
### #o# #h# #.#
#.# #(# #.# ..#


You could see a hound and an orc priest.

Vanquished Creatures
  A howler monkey (D:4)
  3 orc wizards (D:4)
  9 adders
  2 oozes
  A worm (D:3)
  5 leopard geckos
  5 orcs (D:3)
  8 bats
  4 giant cockroaches
  7 goblins
  7 hobgoblins
  2 jackals (D:3)
  2 quokkas (D:2)
  2 ball pythons (D:1)
  4 frilled lizards (D:1)
  6 kobolds
  11 rats
79 creatures vanquished.

Notes
Turn   | Place    | Note
-------+----------+-------------------------------------------
     0 | D:1      | Fang the Gargoyle Berserker began the quest for the Orb.
     0 | D:1      | Reached XP level 1. HP: 14/14 MP: 1/1
   311 | D:1      | Reached XP level 2. HP: 18/19 MP: 2/2
   739 | D:1      | Reached XP level 3. HP: 18/23 MP: 3/3
   929 | D:1      | Reached ** piety under Trog
  1544 | D:2      | Reached XP level 4. HP: 29/29 MP: 4/4
  2320 | D:3      | Reached XP level 5. HP: 32/33 MP: 5/5
  2334 | D:3      | Found a hide-covered altar of Uskayaw.
  2343 | D:3      | Reached *** piety under Trog
  2433 | D:3      | Found a sacrificial altar of Ru.
  2805 | D:4      | Reached XP level 6. HP: 39/39 MP: 6/6
  2837 | D:4      | Killed from afar by an orc priest

Levels and vault maps discovered:
D:1:      dpeg_arrival_rooms_b, layout_basic, minmay_hedge_maze
D:2:      layout_basic, first_ration, serial_aquarium, aquarium_bridge_square
          [aquarium_subvault_window, aquarium_subvault_balcony,
          aquarium_subvault_bridge, aquarium_subvault_bridge],
          aquarium_window_corner, aquarium_window_fake, aquarium_window_1,
          aquarium_window_fake, aquarium_view_2c, aquarium_view_2e,
          aquarium_balcony_3b, aquarium_pool_2
D:3:      layout_basic, lemuel_round_altar, minmay_crystal_water,
          nicolae_ru_path_of_blood
D:4:      layout_loops_ring, gammafunk_temple_overflow_forgotten, serial_shops,
          nicolae_shop_trees, shop, grunt_ministairs_4, uniq_ijyb

Skill      XL: |  1  2  3  4  5  6 |
---------------+-------------------+-----
Axes           | 3 |  3.9
Dodging        | 2 |  2.9
Armour         | 3 4 |  4.0
Fighting       | 4 |  4.7

Action                   |  1- 3 |  4- 6 || total
-------------------------+-------+-------++-------
Melee: Hand axe          |   155 |   211 ||   366
Invok: Berserk           |       |     1 ||     1
  Eat: Chunk             |     2 |     4 ||     6
Armor: Animal skin       |    51 |       ||    51
       Plate armour      |    25 |   156 ||   181
Dodge: Dodged            |   117 |   116 ||   233
